 Dungeon Crawl Stone Soup version 0.30.1-9-gdf580d7c3d (webtiles) character file.

Game seed: 14082092482027275195

4097 H0rd4k the Slicer (level 10, -7/79 HPs)
             Began as a Human Artificer on Oct 25, 2023.
             Was an Initiate of Gozag.
             Mangled by a troll (13 damage)
             ... on level 9 of the Dungeon.
             The game lasted 00:11:42 (9319 turns).

H0rd4k the Slicer (Human Artificer)                 Turns: 9319, Time: 00:11:43

Health: -7/79      AC:  3    Str: 11 (12) XL:     10   Next: 50%
Magic:  10/10      EV: 16    Int: 13 (14) God:    Gozag
Gold:   1061       SH:  0    Dex: 21 (24) Spells: 9/9 levels left

rFire   . . .        z - +2 dagger (venom)
rCold   . . .        (no shield)
rNeg    . . .        b - +0 leather armour
rPois   .            i - +0 helmet
rElec   .            (no cloak)
rCorr   .            j - +0 pair of gloves
SInv    .            (no boots)
Will    .....        (no amulet)
Stlth   ++           E - +4 ring of slaying
HPRegen 0.33/turn    K - +6 ring of dexterity
MPRegen 0.12/turn

%: no passive effects
@: brilliant, attractive
A: agile 1, deformed body
a: Renounce Religion, Potion Petition, Call Merchant, Bribe Branch


You were on level 9 of the Dungeon.
You worshipped Gozag.
Gozag was most pleased with you.
You visited 1 branch of the dungeon, and saw 9 of its levels.

You collected 1261 gold pieces.
You spent 157 gold pieces at shops.
You paid 43 gold pieces to Gozag.

Inventory:

Hand Weapons
 z - a +2 dagger of venom (weapon)
 A - a +3 dagger
 I - a +2 dagger of draining
Missiles
 h - 3 curare-tipped darts
 C - 29 poisoned darts
Armour
 b - a +0 leather armour (worn)
 i - a +0 helmet (worn)
 j - a +0 pair of gloves (worn)
Magical Staves
 o - a staff of poison
 x - a staff of cold
Jewellery
 e - a ring of fire
 E - a +4 ring of slaying (left hand)
 K - a +6 ring of dexterity (right hand)
 L - a ring of protection from cold
Wands
 c - a wand of flame (24) (quivered)
 d - a wand of charming (8)
 t - a wand of digging (7)
 M - a wand of light (5)
Scrolls
 a - 3 scrolls of fear {unknown}
 f - a scroll of summoning {unknown}
 k - 3 scrolls of magic mapping {unknown}
 l - 4 scrolls of fog {unknown}
 n - 8 scrolls of teleportation
 q - 2 scrolls of vulnerability {unknown}
 s - 3 scrolls of blinking
 u - a scroll of torment {unknown}
 v - a scroll of noise {unknown}
 w - 2 scrolls of poison {unknown}
 y - 2 scrolls of enchant armour {unknown}
 B - 2 scrolls of amnesia {unknown}
 F - a scroll of enchant weapon {unknown}
 G - 7 scrolls of identify {unknown}
 N - 2 scrolls of immolation {unknown}
Potions
 g - 2 potions of brilliance
 m - a potion of degeneration
 p - a potion of mutation
 r - a potion of lignification {unknown}
 D - a potion of haste {unknown}
 H - a potion of experience {unknown}
 J - 2 potions of attraction
 O - 2 potions of curing


   Skills:
 + Level 7.2 Fighting
 + Level 9.0 Short Blades
 - Level 2.0 Maces & Flails
 - Level 2.0 Armour
 + Level 7.1 Dodging
 - Level 1.0 Stealth
 + Level 5.7 Evocations


You had 9 spell levels left.
You didn't know any spells.
Your spell library contained the following spells:

 Spells                   Type           Power      Damage    Failure   Level
 Foxfire                  Conj/Fire      0%         2x1d4     38%         1
 Kiss of Death            Conj/Necr      0%         2d5       38%         1
 Poisonous Vapours        Pois/Air       0%         N/A       52%         2
 Confusing Touch          Hex            0%         N/A       77%         3
 Mephitic Cloud           Conj/Pois/Air  0%         N/A       77%         3
 Dispel Undead            Necr           0%         3d6       99%         4
 Fireball                 Conj/Fire      0%         3d3       100%        5
 Freezing Cloud           Conj/Ice/Air   0%         6-21      100%        5
 Plasma Beam              Fire/Air       0%         2x1d11    100%        6
 Starburst                Conj/Fire      0%         6d3       100%        6


Dungeon Overview and Level Annotations

Branches:
Dungeon (9/15)             Temple (0/1) D:4
   Lair: D:8-11         Orc: D:9-12

Altars:
Elyvilon
Gozag
Hepliaklqana
Qazlal
Ru
Trog
Vehumet
Wu Jian
Yredelemnul
Zin

Shops:
D:5 (   D:7 ?   D:8 (

Annotations:
D:5 1 runed translucent door, exclusion: door, Crazy Yiuf
D:7 exclusion: slime creature
D:9 1 transporter


Innate Abilities, Weirdness & Mutations

You are agile. (Dex +4, Str/Int -1)
Armour fits poorly on your strangely shaped body.


Message History

You feel clever all of a sudden.
The sentinel's mark upon you fades away.
The vampire mosquito bites you.
* * * LOW HITPOINT WARNING * * *
The vampire mosquito draws strength from your injuries!
The vampire mosquito is distracted by your dazzling golden aura. x2
It was a potion of degeneration.
There was something very wrong with that liquid.
You feel weakened.
You feel dopey.
You feel clumsy.
It was a potion of mutation.
You feel extremely strange.
You feel agile.
Your body twists and deforms.
A troll comes into view.
It was a potion of attraction.
You feel attractive to monsters. The troll is attracted toward you.
It was a potion of curing.
You feel better.
The vampire mosquito is no longer distracted by gold.
Aiming: Charm
Press: ? - help, Shift-Dir - straight line, f/p - vampire mosquito
Aim: a vampire mosquito (unaware, hasn't noticed you, chance to affect: 62%)
The vampire mosquito is no longer distracted by gold.
The vampire mosquito is charmed.
The vampire mosquito bites your vampire mosquito!
Your vampire mosquito bites the vampire mosquito.
The vampire mosquito is distracted by your dazzling golden aura.
The troll barely misses your vampire mosquito. x2
The troll closely misses your vampire mosquito.
Your vampire mosquito bites the vampire mosquito!
The vampire mosquito is no longer distracted by gold.
The vampire mosquito misses your vampire mosquito.
Your vampire mosquito bites the vampire mosquito!
The vampire mosquito completely misses your vampire mosquito.
The troll barely misses your vampire mosquito. x2
The troll closely misses your vampire mosquito.
The troll is attracted toward you. The troll attacks as you move away!
The troll bites you!
* * * LOW HITPOINT WARNING * * *
The troll claws you!
You die...
Your body crumbles into a pile of gold.

##### #...#####
#.......# #.......#
####
#.......########
...#
#......yyT@....#
...#
#......ยง######....
...####.......#....#
.
..............$....#
.............$#....#
.######.......######
.#....#.........
.#....#.........
.#....#.....#### $


You could see a troll, a vampire mosquito (distracted, ally target) and a
friendly vampire mosquito (charmed).

Vanquished Creatures
  A two-headed ogre (D:9)
  A slime creature (D:7)
  3 yaks (D:8)
  A steam dragon (D:8)
  A water moccasin (D:7)
  A black bear (D:3)
  2 orc warriors
  An ogre (D:5)
  A phantom (D:6)
  2 centaurs
  A kobold brigand (D:6)
  A gnoll sergeant (D:8)
  2 scorpions
  7 bullfrogs
  A wight (D:8)
  4 howler monkeys
  5 jellies
  4 orc priests
  A gnoll bouda (D:8)
  3 hounds
  6 iguanas
  10 orc wizards
  A sleepcap (D:6)
  7 gnolls
  6 adders
  A shadow imp (D:6)
  2 ufetubi
  3 worms
  2 dart slugs
  20 orcs
  6 ball pythons
  7 bats
  6 endoplasms
  2 giant cockroaches
  7 goblins
  9 hobgoblins
  15 kobolds
  6 quokkas
  A frilled lizard (D:3)
  24 rats
184 creatures vanquished.

Vanquished Creatures (collateral kills)
  A bullfrog (D:8)
  A wight (D:8)
2 creatures vanquished.

Vanquished Creatures (others)
  Pikel (D:7)
  A wight (D:8)
2 creatures vanquished.

Grand Total: 188 creatures vanquished

Notes
Turn   | Place    | Note
-------+----------+-------------------------------------------
     0 | D:1      | H0rd4k the Human Artificer began the quest for the Orb.
     0 | D:1      | Reached XP level 1. HP: 15/15 MP: 1/1
   156 | D:1      | Reached XP level 2. HP: 21/21 MP: 2/2
   542 | D:1      | Reached XP level 3. HP: 22/26 MP: 3/3
   716 | D:1      | Found a faded altar of an unknown god.
  1120 | D:2      | Reached skill level 1 in Maces & Flails
  1356 | D:2      | Reached XP level 4. HP: 30/32 MP: 4/4
  1594 | D:2      | Found a bloodstained altar of Trog.
  1896 | D:3      | Noticed a black bear
  2513 | D:3      | Found an opulent altar of Gozag.
  2520 | D:3      | Became a worshipper of Gozag Ym Sagoz the Greedy
  2672 | D:3      | Reached XP level 5. HP: 37/37 MP: 5/5
  2902 | D:3      | You fall into a shaft and drop 3 floors!
  2976 | D:5      | Entered Level 5 of the Dungeon
  3056 | D:5      | Reached XP level 6. HP: 33/44 MP: 6/6
  3155 | D:4      | Found a staircase to the Ecumenical Temple.
  3163 | D:4      | Reached skill level 1 in Short Blades
  3350 | D:3      | Killed a black bear
  3351 | D:3      | Reached skill level 2 in Short Blades
  4411 | D:5      | Reached XP level 7. HP: 51/51 MP: 7/7
  4609 | D:5      | Reached skill level 3 in Short Blades
  4754 | D:5      | Found a runed translucent door.
  4755 | D:5      | Noticed Crazy Yiuf
  4931 | D:5      | Found Dyumiech's Antique Weapon Boutique.
  4979 | D:5      | Reached skill level 4 in Short Blades
  5482 | D:6      | Reached XP level 8. HP: 56/58 MP: 8/8
  5679 | D:6      | Reached skill level 5 in Short Blades
  6186 | D:6      | Found a white marble altar of Elyvilon.
  6187 | D:6      | Found a stormy altar of Qazlal.
  6188 | D:6      | Found a glowing silver altar of Zin.
  6188 | D:6      | Found an ornate altar of the Wu Jian Council.
  6195 | D:6      | Found a sacrificial altar of Ru.
  6195 | D:6      | Found a radiant altar of Vehumet.
  6196 | D:6      | Found a hazy altar of Hepliaklqana.
  6211 | D:6      | Found a basalt altar of Yredelemnul.
  6773 | D:7      | Reached skill level 6 in Short Blades
  7075 | D:7      | Reached XP level 9. HP: 66/66 MP: 9/9
  7360 | D:7      | Reached skill level 5 in Dodging
  7540 | D:7      | Reached skill level 5 in Fighting
  7540 | D:7      | Reached skill level 7 in Short Blades
  7662 | D:7      | Found Xioxeh's Magic Scroll Shoppe.
  7665 | D:7      | Noticed Pikel
  7667 | D:7      | Bought a scroll of blinking for 112 gold pieces
  7667 | D:7      | Bought a scroll of teleportation for 45 gold pieces
  7718 | D:7      | Your ally Pikel died
  8094 | D:8      | Reached skill level 5 in Evocations
  8105 | D:8      | Reached skill level 8 in Short Blades
  8279 | D:8      | Reached XP level 10. HP: 45/76 MP: 10/10
  8652 | D:8      | Found Coih's Antique Weapon Boutique.
  8792 | D:9      | Noticed a two-headed ogre
  8802 | D:9      | Killed a two-headed ogre
  9114 | D:9      | Found a transporter.
  9301 | D:9      | Reached skill level 9 in Short Blades
  9314 | D:9      | Gained mutation: You are agile. (Dex +4, Str/Int -1)
                  | [potion of mutation]
  9314 | D:9      | Gained mutation: Armour fits poorly on your strangely
                  | shaped body. [potion of mutation]
  9319 | D:9      | Mangled by a troll

Illustrated notes

Levels and vault maps discovered:
D:1:      lightli_arrival_noodles, layout_loops_ring,
          hellmonk_ecumenical_altar_inner_sanctum, minmay_vboxes
D:2:      layout_basic, basic_altar
D:3:      layout_basic, old_standard_altar, chequers_arboretum,
          minmay_misc_feat_cross, chequers_serial_rivers_micro_d,
          minmay_rat_hole
D:4:      layout_cave_pods, minmay_temple_entry_grid
D:5:      layout_cave_pods, serial_shops, shop, nicolae_kite_square_tiling_tiny,
          chequers_serial_rivers_room_b, hangedman_decor_points,
          uniq_crazy_yiuf_cottage
D:6:      layout_basic, grunt_temple_overflow_open, st_stairs_11,
          chequers_serial_rivers_large_a
D:7:      hellmonk_destroyed_diamonds, layout_basic, serial_shops,
          nicolae_shop_hallway_plus, interstate_on_off,
          minmay_stone_trees_small, amcnicky_mini_rare_corridor_liquid,
          amcnicky_mini_corridor_feature, uniq_pikel
D:8:      layout_rooms, serial_shops, kennysheep_mini_moat
D:9:      layout_irregular_city, gammafunk_ghost_stat_death,
          minmay_statue_crystal_thing

Skill      XL: |  1  2  3  4  5  6  7  8  9 10 |
---------------+-------------------------------+-----
Evocations     | 4 5 |  5.7
Maces & Flails | 1 2 |  2.0
Dodging        | 3 4 6 7 |  7.1
Fighting       | 2 3 4 6 7 |  7.2
Short Blades   | 2 4 6 8 9 |  9.0
Armour         | |  2.0
Stealth        | |  1.0

Action                     |  1- 3 |  4- 6 |  7- 9 | 10-12 || total
---------------------------+-------+-------+-------+-------++-------
  Melee: Club              |   104 |       |       |       ||   104
         Flail             |    22 |   119 |       |       ||   141
         Punch             |     1 |     1 |     3 |     1 ||     6
         Dagger            |       |    77 |   278 |    99 ||   454
  Evoke: Wand              |     3 |     3 |    14 |     6 ||    26
    Use: Scroll            |       |       |     1 |       ||     1
         Potion            |       |       |       |     5 ||     5
   Stab: Sleeping          |     3 |     2 |     1 |       ||     6
         Distracted        |       |     1 |     1 |       ||     2
 Armour: Leather armour    |    54 |    96 |    42 |    14 ||   206
  Dodge: Dodged            |    78 |   145 |   155 |    80 ||   458
